 Dungeon Crawl Stone Soup version 0.30-a0-918-g0ff054e9dc (webtiles) character file.

Game seed: 9968815202726682590

10 NotreDorf the Caller (level 2, 0/11 HPs)
             Began as a Felid Summoner on Mar 20, 2023.
             Slain by a jackal (2 damage)
             ... on level 1 of the Dungeon.
             The game lasted 00:02:14 (319 turns).

NotreDorf the Caller (Felid Summoner)                Turns: 319, Time: 00:02:14

Health: 0/11       AC:  1    Str:  4    XL:     2   Next: 10%
Magic:  3/6        EV: 17    Int: 16    God:
Gold:   14         SH:  0    Dex: 16    Spells: 4/5 levels left
                                        Lives:  0   Deaths: 0

rFire   . . .      SeeInvis +    (weapon unavailable)
rCold   . . .      Faith    .    (shield unavailable)
rNeg    . . .      Spirit   .    (body armour unavailable)
rPois   .          Reflect  .    (helmet unavailable)
rElec   .          Rampage  .    (cloak unavailable)
rCorr   .                        (gloves unavailable)
Will    .....                    (boots unavailable)
Stlth   ++                       (no amulet)
HPRegen 0.21/turn                (no ring)
MPRegen 0.10/turn                (no ring)

@: quick
A: very small, claws 1, fangs 3, see invisible, speed 1, shaggy fur 1, stealthy
paws, no weapons or thrown items, no armour, multi-lived
a: no special abilities


You were on level 1 of the Dungeon.
You visited 1 branch of the dungeon, and saw 1 of its levels.

You collected 14 gold pieces.

Inventory:

Potions
 a - a potion of magic
 b - a potion of curing {unknown}


   Skills:
 + Level 3.0 Dodging
 + Level 3.1 Stealth
 + Level 2.1 Spellcasting
 + Level 4.1 Summonings


You had 4 spell levels left.
You knew the following spells:

 Your Spells              Type           Power      Damage    Failure   Level
a - Summon Small Mammal   Summ           60%        N/A       3%          1

Your spell library contained the following spells:

 Spells                   Type           Power      Damage    Failure   Level
 Call Imp                 Summ           15%        N/A       5%          2
 Call Canine Familiar     Summ           15%        N/A       11%         3
 Summon Guardian Golem    Hex/Summ       8%         N/A       26%         3
 Summon Lightning Spire   Summ/Air       8%         N/A       65%         4


Dungeon Overview and Level Annotations

Branches:
Dungeon (1/15)

Altars:


Innate Abilities, Weirdness & Mutations

You have sharp claws.
You have razor-sharp teeth.
You have supernaturally acute eyesight. (SInv)
You cover ground quickly. (Speed+)
You are covered in fur. (AC +1)
Your paws help you pounce on unaware monsters.
You are incapable of wielding weapons or throwing items.
You cannot wear armour.
You gain extra lives every three experience levels.


Message History

Your rat closely misses the jackal.
You closely miss the jackal.
The jackal is severely wounded.
Your bat hits the jackal. The jackal closely misses you.
The jackal barely misses your rat.
Your rat closely misses the jackal.
The jackal bites you.
Your bat misses the jackal. Your rat misses the jackal.
You barely miss the jackal.
The jackal is almost dead.
Your bat hits the jackal but does no damage.
The jackal closely misses you.
Your bat hits the jackal but does no damage.
The jackal closely misses your bat.
You scratch the jackal but do no damage.
The jackal is almost dead.
Your bat closely misses the jackal.
The jackal barely misses you.
Your rat closely misses the jackal.
The jackal attacks as you move away! The jackal barely misses you.
The jackal bites your bat.
Your bat misses the jackal.
Your rat closely misses the jackal.
Your bat closely misses the jackal.
Your bat hits the jackal.
The jackal dies!
The jackal bites you but does no damage.
The jackal attacks as you move away! The jackal closely misses you.
Your bat misses the jackal.
Your bat barely misses the jackal.
There is an open door here.
You barely miss the jackal.
Your bat hits the jackal but does no damage.
The jackal closely misses you. The jackal bites you.
* * * LOW HITPOINT WARNING * * *
You scratch the jackal.
The jackal is lightly wounded.
Your bat misses the jackal. The jackal bites you.
* * * LOW HITPOINT WARNING * * *
Casting: Summon Small Mammal (safe; 3% risk of failure)
Confirm with . or Enter, or press ? or * to list all spells.
Your bat disappears in a puff of smoke!
The jackal bites you.
You die...

#############
#...........##################
#..........rh@........†.......
#.........§r####......##......
#...........# #.......'......
#...........# #.......##....>.
#.......##### #.......##......
#..(.†..# #.......##......
#.......# .........##......
#.......# .........##......
#.......# #......


You could see a jackal (ally target) and 2 friendly rats.

Vanquished Creatures
  A quokka (D:1)
1 creature vanquished.

Vanquished Creatures (collateral kills)
  A goblin (D:1)
  2 jackals (D:1)
  3 ball pythons (D:1)
  A frilled lizard (D:1)
  2 rats (D:1)
9 creatures vanquished.

Grand Total: 10 creatures vanquished

Notes
Turn   | Place    | Note
-------+----------+-------------------------------------------
     0 | D:1      | NotreDorf the Felid Summoner began the quest for the Orb.
     0 | D:1      | Reached XP level 1. HP: 7/7 MP: 4/4
   304 | D:1      | Reached XP level 2. HP: 11/11 MP: 3/6
   319 | D:1      | Slain by a jackal

Illustrated notes

Levels and vault maps discovered:
D:1:      dpeg_arrival_simpleton_a, layout_basic, minmay_misc_feat_four_crosses,
          hangedman_abyss_or_decor_lesser_grid

Skill      XL: |  1 |
---------------+----+-----
Stealth        | 3 |  3.1
Dodging        | 3 |  3.0
Spellcasting   | |  2.1
Summonings     | |  4.1

Action                     || total
---------------------------++-------
  Melee: Unarmed           ||    12
         Bite              ||     2
   Cast: Summon Small Mamm ||    18
 Armour: Skin              ||     1
  Dodge: Dodged            ||    14

Table legend: (Time is in decaauts)
 A = Elapsed time spent in this place.
 B = Non-inter-level travel time spent in this place.
 C = Inter-level travel time spent in this place.
 D = Time resting spent in this place.
 E = Time spent auto-exploring this place.
 F = Levels seen in this place.
 G = Mean time per level.
                   A        B        C        D        E       F      G
               +--------+--------+--------+--------+--------+-----+--------+
         Total |    280 |    280 |      0 |      0 |    143 |   1 |  280.0 |
       Dungeon |    280 |    280 |      0 |      0 |    143 |   1 |  280.0 |
               +--------+--------+--------+--------+--------+-----+--------+

Top non-repeatable levels by time:
     D:1: 280 daAuts
